AoeStats
← The Crusader

Arabia

510560562Analyzed
1v1 RM · 20h ago on Oct 1, 2026· 39m 46s· 2 players
Game mode
Random Map
Map size
Tiny (2 player)
Population
200
Speed
Normal
Resources
Standard
Victory
Conquest
Starting age
Dark Age
Ending age
Imperial Age
RankedLock teamsTeams togetherTeam positionsShared explorationLock speedFull tech treeHidden civsTurbo modeCheats
Victory
Defeat
🇪🇸 Turks · Spain
1822
+14
🇺🇸 Vietnamese · United States
1770
-14
The Crusader
6:33 Loom
9:12 Feudal Age
9:38 Man-at-Arms
15:56 Fletching
16:47 Double-Bit Axe
16:42 Horse Collar
23:28 Castle Age
22:21 Padded Archer Armor
23:48 Gold Mining
23:34 Crossbowman
24:10 Bodkin Arrow
27:08 Leather Archer Armor
28:10 Bow Saw
28:49 Ballistics
30:21 Scale Barding Armor
35:40 Husbandry
DK_virot16
3:19 Loom
9:40 Feudal Age
10:17 Double-Bit Axe
10:43 Horse Collar
19:20 Bloodlines
20:13 Forging
24:20 Castle Age
22:57 Scale Barding Armor
24:08 Wheelbarrow
23:18 Town Watch
28:37 Husbandry
30:17 Bow Saw
38:39 Imperial Age
40:04 Conscription
39:43 Cavalier
Connection lost

Rejoining the realm…

Still unreachable

The connection could not be restored.

Session expired

The server has moved on; the page needs a fresh start.